 Dungeon Crawl Stone Soup version 0.26-a0-648-g87339cca5e (webtiles) character file.

Game seed: 12778751968028075718

0 Colgate the Grave Robber (level 1, 13/13 HPs)
             Began as a Vampire Necromancer on Sept 25, 2020.
             Quit the game on level 1 of the Dungeon.
             The game lasted 00:02:46 (52 turns).

Colgate the Grave Robber (Vampire Necromancer)        Turns: 52, Time: 00:02:46

Health: 13/13      AC:  2    Str:  7    XL:     1   Next: 8%
Magic:  1/3        EV: 12    Int: 17    God:
Gold:   0          SH:  0    Dex: 14    Spells: 2/4 levels left

rFire    . . .     SeeInvis +   b - +0 dagger
rCold    . . .     Faith    .   (no shield)
rNeg     . . .     Spirit   .   a - +0 robe
rPois    .         Reflect  .   (no helmet)
rElec    .         Harm     .   (no cloak)
rCorr    .         Rampage  .   (no gloves)
MR       .....                  (no boots)
Stlth    ++........             (no amulet)
HPRegen  0.24/turn              (no ring)
MPRegen  0.08/turn              (no ring)

@: regenerating quickly
A: fangs 3, see invisible, unbreathing
a: Exsanguinate


You were on level 1 of the Dungeon.
You visited 1 branch of the dungeon, and saw 1 of its levels.

Inventory:

Hand Weapons
 b - a +0 dagger (weapon)
Missiles
 d - 22 bolts
 f - 2 stones (quivered)
Armour
 a - a +0 robe (worn)
Potions
 c - a potion of lignification {unknown}
 e - a potion of degeneration {unknown}


   Skills:
 - Level 2.1 Dodging
 - Level 3.0 Stealth
 - Level 2.0 Spellcasting
 + Level 4.4 Necromancy


You had 2 spell levels left.
You knew the following spells:

 Your Spells              Type           Power        Failure   Level
a - Pain                  Necr           ###.         3%          1
b - Animate Skeleton      Necr           ###...       3%          1

Your spell library contained the following spells:

 Spells                   Type           Power        Failure   Level
 Vampiric Draining        Necr           ###.......   10%         3
 Animate Dead             Necr           ###.......   30%         4
 Agony                    Necr           ###.....     65%         5


Dungeon Overview and Level Annotations

Branches:
Dungeon (1/15)

Altars:


Innate Abilities, Weirdness & Mutations

Your natural rate of healing is unusually fast.
You have razor-sharp teeth.
You have supernaturally acute eyesight. (SInv)
You can survive without breathing.


Message History

Confirm with . or Enter, or press ? or * to list all spells.
Aiming: Pain (safe; 3% risk of failure)
Press: ? - help, Shift-Dir - straight line, f/p - kobold
Aim: a kobold, wielding a +0 dagger (chance to defeat MR: 87%)
The kobold writhes in agony.
You kill the kobold!
You see here a +0 dagger.
Drop what? 4/52 slots (_ for help) (? for menu, Esc to quit)
You drop a purple potion.
b - a +0 dagger
b - a +0 dagger (weapon)
You are now empty-handed.
Your magical contamination has completely faded away.
b - a +0 dagger (weapon)
e - a purple potion You see here 2 stones.
f - 2 stones Unknown command.
Unknown command.
Are you sure you want to abandon this character and quit the game? (Confirm with "yes".)

#...≈≈≈≈≈≈≈≈≈≈≈≈≈≈≈
#...≈≈≈≈ ≈≈≈≈≈≈≈≈≈ ..
#.#...≈≈≈#+#+#≈≈≈≈≈≈≈
.....#.#.?.≈≈≈+...##'###+#
.....#.#...≈≈≈+...#.......
.....#.#...≈≈≈#'#'#.#####.
.....[......≈≈≈≈#...#...#
..........⌠..≈≈≈'.⌠.'.<.#
.........@⌠.?≈≈≈'.⌠.'...#
............≈≈≈≈#...#...#
...........≈≈≈#+###.#####
#.$........≈≈≈+ +...
#..........≈≈≈+ ##+##
#.######...≈≈≈# #
#...≈≈≈≈≈ #...≈≈≈≈≈
#.$.≈≈≈≈≈≈


There were no monsters in sight!

Vanquished Creatures
  A kobold (D:1)
1 creature vanquished.

Notes
Turn   | Place    | Note
-------+----------+-------------------------------------------
     0 | D:1      | Colgate the Vampire Necromancer began the quest for the
                  | Orb.
     0 | D:1      | Reached XP level 1. HP: 13/13 MP: 3/3
     2 | D:1      | Learned a level 1 spell: Animate Skeleton
    52 | D:1      | Quit the game

Illustrated notes

Levels and vault maps discovered:
D:1:      dpeg_arrival_castle, layout_basic, minmay_tromino_v4_b

Action                   || total
-------------------------++-------
 Cast: Pain              ||     1
 Abil: Exsanguinate      ||     1
Dodge: Dodged            ||     1

Table legend: (Time is in decaauts)
 A = Elapsed time spent in this place.
 B = Non-inter-level travel time spent in this place.
 C = Inter-level travel time spent in this place.
 D = Time resting spent in this place.
 E = Time spent auto-exploring this place.
 F = Levels seen in this place.
 G = Mean time per level.
                   A        B        C        D        E       F      G
               +--------+--------+--------+--------+--------+-----+--------+
         Total |     52 |     52 |      0 |      0 |     18 |   1 |   52.0 |
       Dungeon |     52 |     52 |      0 |      0 |     18 |   1 |   52.0 |
               +--------+--------+--------+--------+--------+-----+--------+

Top non-repeatable levels by time:
     D:1: 52 daAuts
